 Dungeon Crawl Stone Soup version 0.19.5 (webtiles) character file.

60 tof the Poker (level 4, -5/34 HPs)
             Began as a Merfolk Gladiator on Mar 8, 2017.
             Was an Initiate of Ru.
             Killed by divine providence
             ... invoked by an orc priest
              (13 damage)
             ... on level 2 of the Dungeon.
             The game lasted 00:05:47 (2286 turns).

tof the Poker (Merfolk Gladiator)                   Turns: 2286, Time: 00:05:48

Health: -5/34      AC:  6    Str: 15    XL:     4   Next: 4%
Magic:  4/4        EV: 15    Int:  7    God:    Ru [......]
Gold:   108        SH:  0    Dex: 15    Spells: 0 memorised, 3 levels left

rFire  . . .     SeeInvis .     a - +0 trident
rCold  . . .     Gourm    .     k - +2 robe {MR+}
rNeg   . . .     Faith    .     (no shield)
rPois  .         Spirit   .     n - +2 hat
rElec  .         Reflect  .     (no cloak)
rCorr  .         Harm     .     (no gloves)
MR     +....                    (no boots)
Stlth  +.........               (no amulet)
                                (no ring)
                                (no ring)

@: no status effects
A: change form in water, swift swim, stealthy swim
a: Renounce Religion


You were on level 2 of the Dungeon.
You worshipped Ru.
Ru was noncommittal.
You were hungry.

You visited 1 branch of the dungeon, and saw 3 of its levels.

You collected 108 gold pieces.

Inventory:

Hand Weapons
 a - a +0 trident (weapon)
Missiles
 d - 3 throwing nets (quivered)
 g - 14 poisoned needles
Armour
 b - a +0 leather armour
 c - a +0 helmet
 i - a +0 ring mail
 k - a +2 robe of magic resistance (worn)
 n - a +2 hat (worn)
Jewellery
 o - a cursed amulet of inaccuracy {unknown}
Scrolls
 e - 3 scrolls of immolation {unknown}
 j - a scroll of enchant armour {unknown}
 l - 3 scrolls of remove curse {unknown}
 m - 2 scrolls of identify {unknown}
 p - a scroll of teleportation {unknown}
Comestibles
 f - 2 bread rations
 h - 2 chunks of flesh


   Skills:
 + Level 2.6 Fighting
 * Level 5.3 Polearms
 + Level 2.6 Throwing
 * Level 4.8 Dodging


You had 3 spell levels left.
You didn't know any spells.

Dungeon Overview and Level Annotations

Branches:
Dungeon (3/15)

Altars:
Gozag
Makhleb
Ru
Uskayaw
Yredelemnul


Message History

You have reached level 4!
The orc priest calls down the wrath of Beogh upon you.
Pain shoots through your body!
Attack whom?
Press: ? - help, Dir - move target cursor, f - orc priest
Aim: an orc priest, wielding a falchion You reach to attack!
You barely miss the orc priest. You closely miss the orc priest.
You are feeling hungry.
The orc priest hits you with a falchion.
* * * LOW HITPOINT WARNING * * *
You are too injured to fight recklessly!
You are too injured to fight recklessly!
You are too injured to fight recklessly!
You are too injured to fight recklessly!
You puncture the orc priest!
The orc priest is heavily wounded.
The orc priest mumbles some strange prayers to Beogh against you.
Beogh smites you!
You die...

#.##..###..###.##.....##...
#.##########.#.#......####.
#......# ##.##....##.....##
##.....# #..###...##..##...
#.....###.####......######
#....................)....
#..######.####.#########.#
#.###.# #o#....# ###..#
#.#≈._###@#.#########...##
#.'...8##)#.# #......####
###≈._###...# #..........
###.# #..## #....).#### ###
#..# #......# #### #......#
#......# ########


You could see an orc priest.

Vanquished Creatures
  3 worms (D:2)
  A dart slug (D:1)
  An orc (D:2)
  2 giant cockroaches (D:1)
  8 goblins
  9 hobgoblins
  4 jackals (D:2)
  4 kobolds
  A ball python (D:1)
  5 bats
  2 rats (D:1)
40 creatures vanquished.

Notes
Turn   | Place    | Note
-------+----------+-------------------------------------------
     0 | D:1      | tof the Merfolk Gladiator began the quest for the Orb.
     0 | D:1      | Reached XP level 1. HP: 16/16 MP: 1/1
   156 | D:1      | Reached XP level 2. HP: 12/22 MP: 2/2
   821 | D:1      | Reached XP level 3. HP: 28/28 MP: 3/3
  1052 | D:1      | Reached skill level 5 in Polearms
  1085 | D:2      | Found an opulent altar of Gozag.
  1376 | D:2      | Found a sacrificial altar of Ru.
  1381 | D:2      | Became a worshipper of Ru the Awakened
  1402 | D:2      | Found a burning altar of Makhleb.
  1403 | D:2      | Found a hide-covered altar of Uskayaw.
  2052 | D:2      | Found a basalt altar of Yredelemnul.
  2283 | D:2      | Reached XP level 4. HP: 17/34 MP: 4/4
  2286 | D:2      | Killed from afar by an orc priest

Skill      XL: |  1  2  3 |
---------------+----------+-----
Polearms       | 5 |  5.3
Fighting       | |  2.6
Throwing       | |  2.6
Dodging        | |  4.8

Action                   |  1- 3 |  4- 6 || total
-------------------------+-------+-------++-------
Melee: Trident           |   172 |     3 ||   175
  Use: Potion            |     1 |       ||     1
 Stab: Sleeping          |     1 |       ||     1
  Eat: Chunk             |     4 |       ||     4
Armor: Leather armour    |     3 |       ||     3
       Robe              |    44 |       ||    44
       Ring mail         |     1 |       ||     1
Dodge: Dodged            |   111 |       ||   111
